 Dungeon Crawl Stone Soup version bcrawl-1.34.3 (webtiles) character file.

Game seed: 16958145092681211711

172172 KristoblXynda the Slasher (level 6, -1/53 HPs)
             Began as a Draconian Gladiator on Oct 8, 2021.
             Slain by a bullfrog skeleton (2 damage)
             ... on level 4 of the Dungeon.
             The game lasted 00:02:59 (2799 turns).

KristoblXynda the Slasher (Draconian Gladiator)     Turns: 2799, Time: 00:02:59

Health: -1/53      AC:  8    Str: 19    XL:     6   Next: 0%
Magic:  6/6        EV: 13    Int:  8    God:
Gold:   96         SH:  1    Dex: 12    Spells: 5/5 levels left

rFire    . . .     SeeInvis .   a - +0 long sword
rCold    . . .     Gourm    .   (no shield)
rNeg     . . .     Faith    .   (armour unavailable)
rPois    .         Spirit   .   b - +1 hat
rElec    .         Reflect  .   (no cloak)
rCorr    .         Harm     .   f - +0 pair of gloves
MR       .....                  (no boots)
Stlth    +.........             (no amulet)
HPRegen  0.17/turn              (no ring)
MPRegen  0.10/turn              (no ring)

@: lethally poisoned (-1 -> -2)
A: unfitting armour, cold-blooded, AC +6
a: no special abilities


You were on level 4 of the Dungeon.
You were hungry.

You visited 1 branch of the dungeon, and saw 4 of its levels.

You collected 96 gold pieces.

Inventory:

Hand Weapons
 a - a +0 long sword (weapon)
Missiles
 c - 3 throwing nets {=f}
Armour
 b - a +1 hat (worn)
 f - a +0 pair of gloves (worn)
Scrolls
 h - a scroll of teleportation
 j - a scroll of remove curse
 l - a scroll of amnesia {unknown}
 m - a scroll of enchant weapon {unknown}
 n - a scroll of magic mapping {unknown}
 p - a scroll of blinking {unknown}
 q - a scroll of fog {unknown}
Potions
 g - a potion of cancellation
 i - a potion of degeneration {unknown}
 k - 3 potions of curing
 r - a potion of berserk rage {unknown}
Comestibles
 e - 2 rations {!d}


   Skills:
 + Level 4.7 Fighting
 * Level 5.1 Long Blades
 - Level 2.0 Throwing
 + Level 3.7 Dodging


You had 5 spell levels left.
You didn't know any spells.
Your spell library was empty.

Dungeon Overview and Level Annotations

Branches:
Dungeon (4/12)
 Temple: D:4-7

Altars:

Annotations:
D:4 Blork the orc


Innate Abilities, Weirdness & Mutations

Your plain brown scales are hard. (AC +6)
You cannot fit into any form of body armour.
You are cold-blooded and may be slowed by cold attacks.


Message History

You kill the iguana!
The bullfrog skeleton hits you!
* * * LOW HITPOINT WARNING * * *
You have reached level 6!
Your experience leads to an increase in your attributes!
Increase (S)trength, (I)ntelligence, or (D)exterity?
You feel stronger.
Your scales feel tougher.
You hit the bullfrog skeleton but do no damage.
The bullfrog skeleton is almost destroyed.
The bullfrog skeleton hits you.
* * * LOW HITPOINT WARNING * * *
You barely miss the bullfrog skeleton.
The bullfrog skeleton is almost destroyed.
The bullfrog skeleton hits you but does no damage.
You barely miss the bullfrog skeleton.
The bullfrog skeleton is almost destroyed.
You feel sick. The bullfrog skeleton hits you.
* * * LOW HITPOINT WARNING * * *
The bullfrog skeleton hits you.
You die...

...####. ..... #. .....
###. ........ ......
......> ....## ##.
#.#...###.....# ....###
##.#.......... #
.......##..#...#.... .##
#.....@Z..#..##..# ..
##...####..#.....## .
#...........#......#
...............#......#
......................##
.. .............<.......
. ......#........###.##
.#....##........# .#
#.... ###..##..# #


You could see a bullfrog skeleton.

Vanquished Creatures
  A hound (D:2)
  2 iguanas (D:4)
  A worker ant (D:4)
  3 gnolls (D:2)
  2 adders (D:3)
  An adder zombie (D:4)
  5 worms
  3 dart slugs
  2 leopard geckos (D:2)
  10 orcs
  2 giant cockroaches (D:1)
  5 goblins
  11 hobgoblins
  2 jackals (D:4)
  9 kobolds
  2 quokkas (D:2)
  2 ball pythons (D:1)
  8 bats
  5 frilled lizards
  5 rats
81 creatures vanquished.

Notes
Turn   | Place    | Note
-------+----------+-------------------------------------------
     0 | D:1      | KristoblXynda the Draconian Gladiator began the quest for
                  | the Orb.
     0 | D:1      | Reached XP level 1. HP: 19/19 MP: 1/1
   336 | D:1      | Reached XP level 2. HP: 26/26 MP: 2/2
   718 | D:1      | Reached XP level 3. HP: 31/33 MP: 3/3
  1371 | D:2      | Reached skill level 4 in Long Blades
  1371 | D:2      | Reached XP level 4. HP: 15/40 MP: 4/4
  1984 | D:3      | Reached XP level 5. HP: 46/46 MP: 5/5
  2720 | D:4      | Noticed Blork the orc
  2786 | D:4      | Reached skill level 5 in Long Blades
  2797 | D:4      | Reached XP level 6. HP: 8/53 MP: 6/6
  2799 | D:4      | HP: 1/53 [bullfrog skeleton (5)]
  2799 | D:4      | Slain by a bullfrog skeleton

Skill      XL: |  1  2  3  4  5 |
---------------+----------------+-----
Throwing       | 2 |  2.0
Dodging        | 3 |  3.7
Fighting       | 4 |  4.7
Long Blades    | 4 5 |  5.1

Action                   |  1- 3 |  4- 6 || total
-------------------------+-------+-------++-------
Melee: Long sword        |   114 |   169 ||   283
       Tailslap          |    17 |    20 ||    37
  Use: Scroll            |     1 |     4 ||     5
       Potion            |       |     1 ||     1
 Stab: Sleeping          |     2 |     2 ||     4
  Eat: Chunk             |     4 |     9 ||    13
Armor: Skin              |    32 |    43 ||    75
Dodge: Dodged            |    87 |   107 ||   194
Block: Other             |     2 |     2 ||     4
